 Dungeon Crawl Stone Soup version 0.26-a0-737-g4e9f4955e2 (webtiles) character file.

Game seed: 1960814164825008843

162 merlinx42 the Cudgeler (level 5, -10/45 HPs)
             Began as a Minotaur Berserker on Nov 4, 2020.
             Was a Believer of Trog.
             Killed by divine providence
             ... invoked by an orc priest
              (14 damage)
             ... on level 3 of the Dungeon.
             The game lasted 00:02:48 (2521 turns).

merlinx42 the Cudgeler (Minotaur Berserker)         Turns: 2521, Time: 00:02:49

Health: -10/45     AC:  5    Str: 22    XL:     5   Next: 19%
Magic:  4/4        EV: 11    Int:  4    God:    Trog [**....]
Gold:   196        SH:  0    Dex: 10    Spells: 4/4 levels left

rFire    . . .     SeeInvis .   a - +0 mace
rCold    . . .     Faith    .   (no shield)
rNeg     . . .     Spirit   .   e - +0 ring mail
rPois    .         Reflect  .   (helmet restricted)
rElec    .         Harm     .   (no cloak)
rCorr    .         Rampage  .   (no gloves)
MR       .....                  (no boots)
Stlth    ..........             (no amulet)
HPRegen  0.15/turn              (no ring)
MPRegen  0.09/turn              (no ring)

@: mighty
A: retaliatory headbutt, horns 2
a: Berserk, Trog's Hand, Renounce Religion


You were on level 3 of the Dungeon.
You worshipped Trog.
Trog was pleased with you.
You visited 1 branch of the dungeon, and saw 4 of its levels.

You collected 196 gold pieces.

Inventory:

Hand Weapons
 a - a +0 mace (weapon)
Armour
 e - a +0 ring mail (worn)
Jewellery
 h - an uncursed ring of fire
 i - a +6 ring of intelligence
 l - a +6 ring of intelligence
Scrolls
 f - 2 scrolls of remove curse {unknown}
 k - a scroll of identify
Potions
 b - a potion of flight {unknown}
 c - a potion of mutation {unknown}
 d - a potion of cancellation {unknown}
 g - a potion of curing {unknown}
 m - a potion of brilliance {unknown}


   Skills:
 - Level 3.6 Fighting
 + Level 7.2 Maces & Flails
 - Level 2.4 Armour
 - Level 2.1 Dodging


You had 4 spell levels left.
You didn't know any spells.
Your spell library was empty.

Dungeon Overview and Level Annotations

Branches:
Dungeon (4/15)
 Temple: D:4-7

Altars:
Dithmenos
Vehumet
Wu Jian


Innate Abilities, Weirdness & Mutations

You reflexively headbutt those who attack you in melee.
You have a pair of horns on your head.


Message History

It was a potion of might.
You feel very mighty all of a sudden. Something hits you.
Unknown command.
You hit something. Trog accepts your kill.
Trog appreciates your killing of a magic user.
Reactivating autopickup.
Your Maces & Flails skill increases to level 7!
You have reached level 5!
You feel a bit more experienced.
The orc priest calls down the wrath of Beogh upon you.
Beogh smites you!
* * * LOW HITPOINT WARNING * * *
You thump the orc!
You kill the orc!
Trog accepts your kill.
The orc priest invokes the aid of Beogh against you.
Beogh smites you!
You die... #So

... #.# #<#
#.# #.# #.#
#o# #.# #.#
#.# #S# #.#
#)# #.###@#
#.....#
#..#### #..#
########
#..#
#......#
#..#
#.######
#..# #.#
#..# #.#
#.)######.##


You could see an orc priest and an adder.

Vanquished Creatures
  A hound (D:4)
  An orc wizard (D:3)
  A worker ant (D:4)
  3 adders (D:2)
  A worm (D:2)
  2 dart slugs
  A leopard gecko (D:4)
  7 orcs (D:3)
  2 ball pythons
  A giant cockroach (D:4)
  A hobgoblin (D:2)
  7 kobolds
  6 bats
  2 frilled lizards
  6 goblins
  2 rats (D:2)
44 creatures vanquished.

Notes
Turn   | Place    | Note
-------+----------+-------------------------------------------
     0 | D:1      | merlinx42 the Minotaur Berserker began the quest for the
                  | Orb.
     0 | D:1      | Reached XP level 1. HP: 19/19 MP: 0/0
   106 | D:1      | Reached skill level 4 in Maces & Flails
   178 | D:1      | Reached XP level 2. HP: 18/26 MP: 1/1
   756 | D:2      | Reached skill level 5 in Maces & Flails
   756 | D:2      | Reached XP level 3. HP: 23/31 MP: 2/2
   895 | D:2      | Found a radiant altar of Vehumet.
  1137 | D:2      | Found a shadowy altar of Dithmenos.
  1194 | D:2      | Reached ** piety under Trog
  1207 | D:2      | Found an ornate altar of the Wu Jian Council.
  1813 | D:2      | You fall into a shaft and drop 2 floors!
  1824 | D:4      | Reached skill level 6 in Maces & Flails
  1824 | D:4      | Reached XP level 4. HP: 28/39 MP: 3/3
  2023 | D:4      | Noticed an ogre
  2520 | D:3      | Reached skill level 7 in Maces & Flails
  2520 | D:3      | Reached XP level 5. HP: 15/45 MP: 4/4
  2521 | D:3      | Killed from afar by an orc priest

Illustrated notes

Levels and vault maps discovered:
D:1:      minmay_arrival_semitransparent, layout_rooms
D:2:      layout_basic, lemuel_crystal_altar, fiery_altar_vehumet,
          grunt_dithmenos_smoke, nicolae_underground_beach
D:3:      layout_loops_ring, lemuel_crystal_altar, marbit_many_paths,
          lemuel_doored_altar, minitemple
D:4:      minmay_recursive_quarters, layout_loops_ring,
          nicolae_gozag_seed_capital

Skill      XL: |  1  2  3  4 |
---------------+-------------+-----
Maces & Flails | 4 5 6 7 |  7.2
Fighting       | |  3.6
Armour         | |  2.4
Dodging        | |  2.1

Action                   |  1- 3 |  4- 6 || total
-------------------------+-------+-------++-------
Melee: Mace              |    79 |    44 ||   123
       Headbutt          |     7 |     4 ||    11
  Use: Scroll            |       |     2 ||     2
       Potion            |       |     1 ||     1
Armor: Animal skin       |     9 |       ||     9
       Ring mail         |    19 |     6 ||    25
Dodge: Dodged            |    43 |    23 ||    66

Table legend: (Time is in decaauts)
 A = Elapsed time spent in this place.
 B = Non-inter-level travel time spent in this place.
 C = Inter-level travel time spent in this place.
 D = Time resting spent in this place.
 E = Time spent auto-exploring this place.
 F = Levels seen in this place.
 G = Mean time per level.
                   A        B        C        D        E       F      G
               +--------+--------+--------+--------+--------+-----+--------+
         Total |   2534 |   2511 |     23 |    821 |   1396 |   4 |  633.5 |
       Dungeon |   2534 |   2511 |     23 |    821 |   1396 |   4 |  633.5 |
               +--------+--------+--------+--------+--------+-----+--------+

Top non-repeatable levels by time:
     D:2: 1068 daAuts
     D:1: 755 daAuts
     D:3: 490 daAuts
     D:4: 221 daAuts
